 Dungeon Crawl Stone Soup version 0.22.0-49-gab54619 (webtiles) character file.

44317 Fang the Severer (level 14, -7/138 HPs)
             Began as a Gargoyle Berserker on Sept 4, 2018.
             Was an Elder of Trog.
             Mangled by a death yak (8 damage)
             ... on level 6 of the Lair of Beasts.
             The game lasted 00:44:01 (19315 turns).

Fang the Severer (Gargoyle Berserker)              Turns: 19315, Time: 00:44:02

Health: -7/138     AC: 20    Str: 42    XL:     14   Next: 28%
Magic:  0/4        EV: 14    Int:  9    God:    Trog [****..]
Gold:   1545       SH:  0    Dex:  9    Spells: 13/13 levels left

rFire    x . .     SeeInvis +   E - +3 battleaxe (antimagic)
rCold    + . .     Gourm    .   (shield currently unavailable)
rNeg     + . .     Faith    .   O - +1 scale mail of Tavesec {Str+6}
rPois    ∞         Spirit   +   z - +1 helmet {SInv}
rElec    +         Reflect  .   (no cloak)
rCorr    .         Harm     .   (no gloves)
MR       +....                  (no boots)
Stlth    ..........             G - amulet of guardian spirit
HPRegen  0.33/turn              d - +6 ring of strength
MPRegen  0.09/turn              A - ring "Byepp" {Ice +Blink rElec}

@: berserking, flying, very quick
A: big wings, negative energy resistance 1, electricity resistance, unbreathing,
petrification resistance, rot immunity, AC +10
a: Stop Flying, Berserk, Trog's Hand, Brothers in Arms, Renounce Religion, Evoke
Blink


You were on level 6 of the Lair of Beasts.
You worshipped Trog.
Trog was greatly pleased with you.
You were hungry.

You visited 4 branches of the dungeon, and saw 19 of its levels.
You also visited: Sewer and Ossuary.

You collected 1545 gold pieces.

Inventory:

Hand Weapons
 y - a +2 antimagic hand axe
 E - a +3 antimagic battleaxe (weapon)
 N - a +4 executioner's axe of electrocution
Missiles
 J - 3 javelins of penetration (quivered)
Armour
 z - a +1 helmet of see invisible (worn)
 O - the +1 scale mail of Tavesec (worn) {Str+6}
   (You found it on level 5 of the Lair of Beasts)

   It affects your strength (+6).
Jewellery
 d - a +6 ring of strength (left hand)
 j - an uncursed amulet of regeneration
 A - the ring "Byepp" (right hand) {Ice +Blink rElec}
   (You found it on level 7 of the Dungeon)

   [ring of ice]

   It enhances your ice magic.
   It makes you vulnerable to fire.
   It protects you from cold.
   It insulates you from electricity.
   It lets you blink.
 G - an amulet of guardian spirit (around neck)
 L - a +1 ring of protection
Wands
 q - a wand of flame (81)
 s - a wand of iceblast (17)
 B - a wand of paralysis (16)
 C - a wand of digging (16)
 D - a wand of random effects (57)
 H - a wand of polymorph (33)
 I - a wand of disintegration (9)
Scrolls
 a - 5 scrolls of identify
 i - 3 scrolls of teleportation
 k - a scroll of blinking
 n - 10 scrolls of remove curse
 K - a scroll of fog
 M - 3 scrolls of fear
Potions
 e - a potion of haste
 f - 3 potions of lignification
 g - 6 potions of brilliance
 h - 2 potions of mutation
 l - 21 potions of curing
 m - 3 potions of magic
 o - 5 potions of flight
 p - 6 potions of heal wounds
 r - 6 potions of might
 t - 2 potions of invisibility
 u - a potion of resistance
 v - 3 potions of agility
 w - a potion of berserk rage
 x - 2 potions of cancellation
Miscellaneous
 F - a sack of spiders
Comestibles
 b - 3 chunks of flesh
 c - 31 rations


   Skills:
 + Level 12.5 Fighting
 + Level 16.0 Axes
 + Level 3.7 Armour
 + Level 8.8 Dodging
 + Level 7.3 Stealth


You had 13 spell levels left.
You didn't know any spells.
Your spell library was empty.

Dungeon Overview and Level Annotations

Branches:
Dungeon (11/15)            Temple (1/1) D:4            Lair (6/6) D:11
 Shoals (0/4) Lair:4        Snake (0/4) Lair:2        Slime (1/5) Lair:5
    Orc (0/2) D:10

Altars:
Ashenzari
Cheibriados
Elyvilon
Fedhas
Hepliaklqana
Nemelex Xobeh
Qazlal
Trog
Vehumet
Wu Jian
Xom
Yredelemnul
The Shining One

Shops:
D:8 %   D:9 ?   D:10 }[==

Annotations:
D:10 1 transporter


Innate Abilities, Weirdness & Mutations

You are resistant to torment.
Your stone body is resilient. (AC +10)
You are immune to poison.
Your large and strong wings let you fly indefinitely.
You resist negative energy. (rN+)
You are resistant to electric shocks. (rElec)
You can survive without breathing.
You are immune to petrification.
You are immune to rotting.


Message History

You hear a howl! x2
Unknown command.
You slice the death yak!!
The death yak is severely wounded.
The death yak barely misses you.
You barely miss the death yak.
The death yak is severely wounded.
Unknown command.
You hit the death yak.
The death yak is severely wounded.
You barely miss the death yak.
A wolf comes into view.
The death yak gores you!!
* * * LOW HITPOINT WARNING * * *
The death yak barely misses you.
You slash the death yak!
The death yak is lightly wounded.
You slash the death yak! You hit the death yak.
The death yak barely misses you. The death yak gores you!
You die...

.......## ........##
#........### ♣ #.⌠.#
#.÷..# ### .
....###..÷#####P### .♣♣
.......#...##.....##..♣
..<..#.#⌠.<#.........
...........#...Y##h#
#....##....#....@Y#
#.⌠..##.........Y#♣#
#...##...##.....#..♣
.........#........P♣
........#..........♣
......#...........♣♣
...#.#..........♣♣
.⌠..............♣
.............♣♣


You could see 3 death yaks and a wolf.

Vanquished Creatures
  Gastronok (Lair:2)
  A hydra (Lair:1)
  Harold (D:11)
  A catoblepas (Lair:5)
  Erica (Lair:2)
  A two-headed ogre (D:11)
  2 death yaks (Lair:6)
  A skeletal warrior (D:11)
  Pikel (D:5)
  2 cyclopes (D:11)
  A manticore (Lair:4)
  2 black mambas
  8 spiny frogs
  3 centaur skeletons (D:11)
  7 rime drakes
  5 komodo dragons
  A tengu conjurer (D:11)
  5 trolls
  A hornet (Lair:3)
  A polar bear (Lair:3)
  Prince Ribbit (Lair:1)
  8 hippogriffs
  2 slime creatures (Lair:5)
  4 blink frogs (Lair:1)
  4 dream sheep (Lair:5)
  Sigmund (D:3)
  2 wyverns (D:11)
  3 basilisks
  A human (D:7)
  27 yaks
  3 hogs (D:7)
  7 wargs
  2 hungry ghosts
  A vampire mosquito (D:11)
  Menkaure (D:7)
  2 nagas (Lair:2)
  An acid dragon (D:11)
  8 water moccasins
  12 porcupines
  5 orc warriors
  5 sky beasts
  4 ice beasts
  3 slaves (D:5)
  A black bear (D:8)
  An eye of draining (D:11)
  2 phantoms
  8 ogres
  2 centaurs
  15 wolves
  A big kobold (D:6)
  25 crocodiles
  13 bullfrogs
  Blork the orc (D:4)
  8 scorpions
  34 killer bees
  A wight (D:11)
  A howler monkey (D:6)
  3 electric eels
  7 crimson imps
  2 centaur zombies
  3 quasits
  2 bullfrog zombies
  2 lava snakes (Lair:5)
  5 hounds
  5 jellies
  7 orc priests
  3 bullfrog skeletons
  3 iguanas
  6 orc wizards
  7 worker ants
  8 mummies (Ossuary)
  A worker ant zombie (D:11)
  9 gnolls
  17 adders
  4 river rats (Sewer)
  A shadow imp (D:5)
  5 oozes (D:1)
  2 adder skeletons
  2 worms
  A dart slug (D:2)
  7 leopard geckos
  47 orcs
  4 ball pythons
  4 bats
  8 giant cockroaches
  A gnoll zombie (Ossuary)
  8 goblins
  16 hobgoblins
  8 jackals
  7 quokkas
  5 frilled lizards
  2 hobgoblin zombies (Ossuary)
  A jackal skeleton (D:4)
  40 kobolds
  2 kobold zombies (Ossuary)
  3 orc zombies (Ossuary)
  2 quokka zombies
  31 rats
  4 fungi
  7 plants
578 creatures vanquished.

Vanquished Creatures (collateral kills)
  9 hydras
  A death yak (Lair:5)
  A fire crab (Lair:5)
  A molten gargoyle (Lair:5)
  A spiny frog (Lair:1)
  A komodo dragon (Lair:1)
  A hippogriff (Lair:6)
  A troll (D:11)
  A dream sheep (Lair:5)
  An orc warrior (D:11)
  A porcupine (Lair:5)
  6 centaurs (D:11)
  A bullfrog (Lair:1)
  An adder (D:11)
  6 orcs (D:11)
33 creatures vanquished.

Vanquished Creatures (others)
  A killer bee (D:11)
  An adder (D:5)
  A bush (Lair:1)
  3 fungi
  4 plants
10 creatures vanquished.

Grand Total: 621 creatures vanquished

Notes
Turn   | Place    | Note
-------+----------+-------------------------------------------
     0 | D:1      | Fang the Gargoyle Berserker began the quest for the Orb.
     0 | D:1      | Reached XP level 1. HP: 14/14 MP: 1/1
     1 | D:1      | Found a runed door.
    38 | D:1      | Reached XP level 2. HP: 19/19 MP: 2/2
    42 | D:1      | Reached skill level 3 in Axes
    49 | D:1      | Reached XP level 3. HP: 24/24 MP: 3/3
   132 | D:1      | Reached ** piety under Trog
   545 | D:2      | Reached XP level 4. HP: 24/29 MP: 4/4
   660 | D:2      | Found a stormy altar of Qazlal.
   840 | D:2      | Reached XP level 5. HP: 33/34 MP: 5/5
  1113 | D:3      | Reached skill level 4 in Axes
  1129 | D:3      | Reached *** piety under Trog
  1242 | D:3      | Found a bloodstained altar of Trog.
  1284 | D:3      | Noticed Sigmund
  1302 | D:3      | Killed Sigmund
  1302 | D:3      | Reached skill level 5 in Fighting
  1302 | D:3      | Reached skill level 5 in Axes
  1302 | D:3      | Reached XP level 6. HP: 40/40 MP: 6/6
  1597 | D:3      | Reached XP level 7. HP: 30/44 MP: 7/7
  1852 | D:4      | Found a staircase to the Ecumenical Temple.
  1852 | D:4      | Noticed Blork the orc
  1860 | D:4      | Killed Blork the orc
  1868 | D:4      | Reached skill level 1 in Stealth
  2071 | D:4      | Reached skill level 6 in Axes
  2137 | Temple   | Entered the Ecumenical Temple
  2186 | D:4      | Found a radiant altar of Vehumet.
  2207 | D:4      | Reached XP level 8. HP: 50/50 MP: 8/8
  2217 | D:4      | Found a radiant altar of Vehumet.
  2668 | D:4      | Found an ornate altar of the Wu Jian Council.
  2805 | D:5      | Entered Level 5 of the Dungeon
  2841 | D:5      | Reached skill level 7 in Axes
  2863 | D:5      | Reached **** piety under Trog
  3167 | D:5      | Noticed Pikel
  3194 | D:5      | Killed Pikel
  3194 | D:5      | Reached skill level 8 in Axes
  3194 | D:5      | Reached XP level 9. HP: 17/56 MP: 9/9
  3198 | D:5      | HP: 2/56 [gnoll/spear (7)]
  3342 | D:5      | Found a shattered altar of Ashenzari.
  3344 | D:5      | Found a glowing golden altar of the Shining One.
  3346 | D:5      | Found a blossoming altar of Fedhas.
  3405 | D:5      | Found a glowing drain.
  3435 | Sewer    | Entered a sewer
  4312 | D:6      | Reached ***** piety under Trog
  4337 | D:6      | Reached skill level 9 in Axes
  4565 | D:6      | Received a gift from Trog
  4609 | D:6      | Reached skill level 5 in Dodging
  4638 | D:6      | Found a bloodstained altar of Trog.
  5052 | D:7      | Noticed Menkaure
  5062 | D:7      | Killed Menkaure
  5119 | D:7      | Found a sand-covered staircase.
  5123 | Ossuary  | Entered an ossuary
  5144 | Ossuary  | Received a gift from Trog
  5173 | Ossuary  | Reached XP level 10. HP: 56/63 MP: 10/10
  5328 | D:7      | Reached skill level 10 in Axes
  5428 | D:7      | Received a gift from Trog
  5513 | D:7      | Got a smoking glass ring
  5514 | D:7      | Identified the ring "Byepp" {Ice +Blink rElec} (You found
                  | it on level 7 of the Dungeon)
  5887 | D:8      | Found a white marble altar of Elyvilon.
  5937 | D:8      | Found a shimmering altar of Xom.
  6022 | D:8      | Found a snail-covered altar of Cheibriados.
  6037 | D:8      | Found Habruxko's Food Boutique.
  6381 | D:8      | Reached skill level 5 in Stealth
  6553 | D:8      | Found a basalt altar of Yredelemnul.
  6564 | D:8      | Found a sparkling altar of Nemelex Xobeh.
  6612 | D:8      | Found a hazy altar of Hepliaklqana.
  6991 | D:9      | Found Cuavufra's Magic Scroll Shoppe.
  7213 | D:9      | Reached skill level 11 in Axes
  7698 | D:10     | Entered Level 10 of the Dungeon
  7732 | D:10     | Reached XP level 11. HP: 69/69 MP: 3/11
  7738 | D:10     | Received a gift from Trog
  7813 | D:10     | Found a staircase to the Orcish Mines.
  7872 | D:10     | Found Wiuphacvig's Armour Shop.
  7992 | D:10     | Found a transporter.
  8004 | D:10     | Found Lecvimp's Jewellery Shop.
  8095 | D:10     | Found Weduru Wacu's Jewellery Emporium.
  8523 | D:10     | Found Huelud's Gadget Shop.
  8687 | D:11     | Noticed a seven-headed hydra
  8696 | D:11     | Killed an eight-headed hydra
  8729 | D:11     | Noticed a two-headed ogre
  8737 | D:11     | Killed a two-headed ogre
  8801 | D:11     | Reached skill level 12 in Axes
  8825 | D:11     | Found a staircase to the Lair.
  8911 | D:11     | Noticed a four-headed hydra
  8919 | D:11     | Killed a six-headed hydra
  9110 | D:11     | Noticed a six-headed hydra
  9120 | D:11     | Killed a seven-headed hydra
  9427 | D:11     | Reached skill level 10 in Fighting
  9447 | D:11     | Noticed a skeletal warrior
  9469 | D:11     | Killed a skeletal warrior
  9469 | D:11     | Reached XP level 12. HP: 9/77 MP: 0/12
  9834 | D:11     | Received a gift from Trog
 10428 | D:11     | Reached skill level 13 in Axes
 10782 | D:11     | Noticed Harold
 10796 | D:11     | Killed Harold
 11735 | Lair:1   | Entered Level 1 of the Lair of Beasts
 11735 | Lair:1   | Noticed a seven-headed hydra
 11739 | Lair:1   | Killed a six-headed hydra
 11828 | Lair:1   | Noticed Prince Ribbit
 11848 | Lair:1   | Killed Prince Ribbit
 12223 | Lair:1   | Reached skill level 14 in Axes
 12618 | Lair:1   | Noticed a seven-headed hydra
 12636 | Lair:1   | Killed an eight-headed hydra
 12636 | Lair:1   | Reached XP level 13. HP: 44/84 MP: 3/13
 13202 | Lair:2   | Noticed Gastronok
 13218 | Lair:2   | Killed Gastronok
 13279 | Lair:2   | Received a gift from Trog
 13522 | Lair:2   | Found a staircase to the Snake Pit.
 13612 | Lair:2   | Noticed Erica
 13623 | Lair:2   | Killed Erica
 14626 | Lair:3   | Reached skill level 15 in Axes
 15638 | Lair:4   | Found a dark tunnel.
 15736 | Lair:4   | Found a staircase to the Shoals.
 17371 | Lair:5   | Got a jet-encrusted scale mail
 17573 | Lair:5   | Identified a scroll of acquirement
 17611 | Lair:5   | Gained mutation: Your large and strong wings let you fly
                  | indefinitely. [Gargoyle growth]
 17611 | Lair:5   | Reached XP level 14. HP: 92/92 MP: 8/14
 17614 | Lair:5   | Received a gift from Trog
 17626 | Lair:5   | Identified the +1 scale mail of Tavesec {Str+6} (You found
                  | it on level 5 of the Lair of Beasts)
 17661 | Lair:5   | Found a staircase to the Slime Pits.
 18911 | Slime:1  | Entered Level 1 of the Pits of Slime
 18924 | Lair:6   | Entered Level 6 of the Lair of Beasts
 19286 | Lair:6   | Reached skill level 16 in Axes
 19314 | Lair:6   | HP: 1/138 [death yak (18)]
 19315 | Lair:6   | Mangled by a death yak

Skill      XL: |  1  2  3  4  5  6  7  8  9 10 11 12 13 14 |
---------------+-------------------------------------------+-----
Axes           | 3 5 6 8 9 11 12 14 15 16 | 16.0
Fighting       | 4 5 6 7 8 10 11 12 | 12.5
Dodging        | 2 3 4 5 6 7 8 |  8.8
Stealth        | 1 2 3 5 6 7 |  7.3
Armour         | 3 |  3.7

Action                   |  1- 3 |  4- 6 |  7- 9 | 10-12 | 13-15 || total
-------------------------+-------+-------+-------+-------+-------++-------
Melee: Hand axe          |    63 |   199 |   525 |   338 |       ||  1125
       Battleaxe         |       |       |       |   348 |   396 ||   744
       Executioner's axe |       |       |       |       |     8 ||     8
Invok: Berserk           |     1 |     2 |     6 |    16 |     4 ||    29
       Brothers in Arms  |       |       |       |     7 |     7 ||    14
 Abil: Fly               |       |       |       |       |     1 ||     1
  Use: Scroll            |       |       |    18 |    16 |     3 ||    37
       Potion            |       |       |       |       |     1 ||     1
 Stab: Sleeping          |     1 |     1 |     5 |    15 |    11 ||    33
  Eat: Chunk             |       |     6 |    18 |    35 |    21 ||    80
       Ration            |       |       |       |     3 |     2 ||     5
Armor: Animal skin       |    12 |    75 |   126 |   313 |   138 ||   664
       Scale mail        |       |       |       |       |    44 ||    44
Dodge: Dodged            |    39 |   145 |   330 |   585 |   330 ||  1429
